 Dungeon Crawl Stone Soup version 0.21-a0-509-gecc5317 (webtiles) character file.

9393 theanonym the Grappler (level 11, -16/106 HPs)
             Began as a Black Draconian Transmuter on Nov 30, 2017.
             Was an Initiate of Gozag.
             Hit by a javelin thrown by Urug (28 damage)
             ... on level 11 of the Dungeon.
             The game lasted 00:55:17 (16523 turns).

theanonym the Grappler (DrTm)                      Turns: 16523, Time: 00:55:18

Health: -16/106    AC:  6    Str: 13    XL:     11   Next: 22%
Magic:  9/17       EV: 10    Int: 17    God:    Gozag
Gold:   839        SH:  0    Dex: 11    Spells: 4/18 levels left

rFire    + . .     SeeInvis .     - Unarmed
rCold    + + .     Gourm    .   (shield currently unavailable)
rNeg     . . .     Faith    .   (armour unavailable)
rPois    +         Spirit   .   (helmet currently unavailable)
rElec    .         Reflect  .   (cloak currently unavailable)
rCorr    .         Harm     .   (gloves currently unavailable)
MR       .....                  (boots currently unavailable)
Stlth    +.........             (no amulet)
HPRegen  0.27/turn              k - ring of protection from fire {rF+}
MPRegen  0.15/turn              x - ring of fire {rF+, rC-}

@: ice-form, gold aura, very slightly contaminated
A: large, (breathe lightning), unfitting armour, AC +7
a: End Transformation, Potion Petition, Call Merchant, Bribe Branch, Renounce
Religion


Innate Abilities, Weirdness & Mutations

((You can breathe wild blasts of lightning.))
((Your glossy black scales are hard. (AC +7)))
You cannot fit into any form of body armour.
((You are resistant to electric shocks. (rElec)))
((You are cold-blooded and may be slowed by cold attacks.))


   Skills:
 + Level 6.2 Fighting
 - Level 1.7 Dodging
 - Level 0.3 Shields
 + Level 11.8 Unarmed Combat
 - Level 4.0 Spellcasting
 + Level 9.7 Transmutations
 - Level 5.1 Ice Magic
 - Level 3.0 Poison Magic


You had 4 spell levels left.
You knew the following spells:

 Your Spells              Type           Power        Failure   Level  Hunger
a - Beastly Appendage     Tmut           #####.       1%          1    None
b - Sticks to Snakes      Tmut           #####...     1%          2    ##.....
c - Spider Form           Tmut/Pois      ####......   3%          3    ###....
d - Ice Form              Ice/Tmut       ####....     8%          4    ####...
e - Petrify               Tmut/Erth      ###.....     21%         4    ####...

Skill      XL: |  1  2  3  4  5  6  7  8  9 10 11 |
---------------+----------------------------------+-----
Unarmed Combat | 4 5 6 7 9 10 11 | 11.8
Transmutations | 3 4 5 6 7 9 |  9.7
Poison Magic   | 1 2 3 |  3.0
Ice Magic      | 3 5 |  5.1
Spellcasting   | 3 4 |  4.0
Fighting       | 5 6 |  6.2
Dodging        | |  1.7
Shields        | |  0.3

Action                   |  1- 3 |  4- 6 |  7- 9 | 10-12 || total
-------------------------+-------+-------+-------+-------++-------
Melee: Unarmed           |   128 |   211 |   315 |   290 ||   944
       Tailslap          |    12 |    11 |    14 |     7 ||    44
       Headbutt          |     3 |     2 |    13 |     6 ||    24
       Kick              |     1 |     4 |       |       ||     5
       Punch             |       |     3 |     7 |     5 ||    15
 Cast: Beastly Appendage |     4 |     5 |    10 |     2 ||    21
       Spider Form       |       |     9 |    22 |     5 ||    36
       Sticks to Snakes  |       |     6 |    12 |     6 ||    24
       Ice Form          |       |       |     7 |    18 ||    25
Invok: Potion Petition   |       |       |     1 |     1 ||     2
 Abil: End Transformatio |       |       |     1 |     1 ||     2
  Use: Potion            |     1 |       |     2 |     7 ||    10
       Scroll            |       |     7 |    11 |    13 ||    31
 Stab: Sleeping          |     2 |     1 |     1 |     2 ||     6
       Distracted        |       |       |     1 |       ||     1
  Eat: Chunk             |     4 |    12 |     9 |       ||    25
       Fruit             |       |     3 |     8 |    21 ||    32
       Meat ration       |       |       |     1 |     1 ||     2
Armor: Skin              |    30 |    48 |    69 |   111 ||   258
Dodge: Dodged            |    82 |   145 |   214 |   137 ||   578

Inventory:

Missiles
 a - 202 arrows
Armour
 i - a +0 cloak (melded)
   (You found it on level 2 of the Dungeon)
 r - a +0 pair of boots (melded)
   (You found it on level 5 of the Dungeon)
 s - a +0 pair of gloves of strength (melded)
   (You bought it in a shop on level 9 of the Dungeon)
 H - a +0 buckler
   (You took it off a crimson imp on level 10 of the Dungeon)
Jewellery
 k - a ring of protection from fire (left front paw) {rF+}
   (You found it on level 2 of the Dungeon)
 x - a ring of fire (right front paw) {rF+, rC-}
   (You found it on level 2 of the Dungeon)
 A - an uncursed ring of ice {rC+, rF-}
   (You found it on level 4 of the Dungeon)
 E - an uncursed ring of positive energy {rN+}
   (You found it on level 10 of the Dungeon)
 K - an uncursed ring of stealth {Stlth+}
   (You took it off a centaur on level 7 of the Dungeon)
Wands
 d - a wand of random effects (56)
   (You found it on level 7 of the Dungeon)
 y - a wand of polymorph (15)
   (You found it on level 10 of the Dungeon)
 O - a wand of flame (51)
   (You took it off a big kobold on level 8 of the Dungeon)
Scrolls
 h - 3 scrolls of magic mapping {unknown}
 j - 4 scrolls of enchant armour
 l - 4 scrolls of amnesia
 m - 2 scrolls of immolation
 t - 4 scrolls of teleportation {!r}
 v - 2 scrolls of random uselessness {unknown}
 B - 3 scrolls of noise {unknown}
 D - 7 scrolls of remove curse
Potions
 n - a potion of resistance
 o - a potion of cancellation {unknown}
 q - a potion of heal wounds
 w - 3 potions of curing
 C - 2 potions of ambrosia
 F - a potion of flight {unknown}
 J - 3 potions of invisibility
 M - a potion of brilliance {unknown}
Books
 g - a book of Changes

   Spells                             Type                      Level
   a - Beastly Appendage              Transmutation                1
   b - Sticks to Snakes               Transmutation                2
   c - Spider Form                    Transmutation/Poison         3
   d - Ice Form                       Ice/Transmutation            4
   e - Blade Hands                    Transmutation                5
 L - a book of Misfortune
   (You found it on level 7 of the Dungeon)

   Spells                             Type                      Level
   a - Confusing Touch                Hexes                        1
   b - Confuse                        Hexes                        3
   c - Gell's Gravitas                Translocation                3
   d - Petrify                        Transmutation/Earth          4
   e - Metabolic Englaciation         Hexes/Ice                    5
   f - Yara's Violent Unravelling     Hexes/Transmutation          5
Comestibles
 c - 5 bread rations
 e - 4 meat rations
 p - 3 fruits
 I - 5 royal jellies

Dungeon Overview and Level Annotations

Branches:
Dungeon (12/15)            Temple (1/1) D:7
   Lair: D:8-11         Orc: D:9-12

Altars:
Ashenzari
Cheibriados
Dithmenos
Elyvilon
Fedhas
Gozag
Hepliaklqana
Kikubaaqudgha
Makhleb
Nemelex Xobeh
Okawaru
Qazlal
Ru
Sif Muna
Trog
Uskayaw
Vehumet
Wu Jian
Xom
Yredelemnul
Zin
The Shining One

Shops:
D:9 [

Annotations:
D:8 exclusion: statue
D:10 UH
D:11 Grum, Urug


You were on level 11 of the Dungeon.
You worshipped Gozag.
Gozag was pleased with you.
You were not hungry.
You were a creature of crystalline ice.
You visited 2 branches of the dungeon, and saw 13 of its levels.

You collected 1431 gold pieces.
You spent 138 gold pieces at shops.
You paid 454 gold pieces to Gozag.


Message History

Your +0 pair of gloves of strength unmelds from your body.
Your +0 pair of boots unmelds from your body.
You feel stronger.
Your adder bites the orc priest.
The orc priest barely misses you.
Your ball python bites the orc.
Your ball python grabs the orc.
Your ball python constricts the orc.
Your ball python bites the orc priest but does no damage.
Your ball python constricts the orc priest.
You now have 20/89 hp.
You barely miss the orc priest.
Your adder bites the orc priest but does no damage.
Your ball python barely misses the orc.
Your ball python constricts the orc.
The orc completely misses your adder.
The orc priest hits you but does no damage.
Your ball python bites the orc priest.
Your ball python constricts the orc priest.
Your adder bites the orc priest.
The orc priest dies!
Your adder looks stronger.
Your ball python closely misses the orc.
Your ball python constricts the orc.
The orc closely misses your adder.
The orc struggles to escape constriction.
Your ball python bites the orc but does no damage.
Your ball python constricts the orc.
Your ball python bites the orc.
The orc closely misses your ball python.
There is a stone staircase leading down here.
You punch the orc!
You kill the orc!
Something loses its grip on the orc.
The orc barely misses your adder. Something closely misses your adder.
Your ball python barely misses the orc.
Your ball python completely misses the orc.
Your adder misses the orc. Something completely misses your adder.
You climb downwards.
Your summoned allies are left behind.
You hear a distant snort.
Hark!
There is an entrance to a minotaur's labyrinth on this level.
Find the entrance quickly before the gate is sealed!
There is a stone staircase leading up here.
Unknown command.
Unknown command.
Unknown command.
Unknown command.
Unknown command.
Unknown command.
Unknown command.
Unknown command.
Unknown command.
You climb upwards.
Level annotation: Grum, Urug A javelin appears from out of your range of vision.
The javelin closely misses your adder. The orc hits your adder.
Your adder closely misses the orc.
The orc closely misses you.
There is a stone staircase leading down here.
Casting: Sticks to Snakes You turn into a creature of crystalline ice.
Your +0 cloak melds into your body.
Your +0 pair of gloves of strength melds into your body.
Your +0 pair of boots melds into your body.
You feel weaker.
Your ball python closely misses the orc.
Your ball python misses the orc.
Your ball python closely misses the orc. x2
Your ball python barely misses the orc.
Your ball python closely misses the orc.
Your adder bites the orc.
The orc dies!
The orc hits you with a club.
* * * LOW HITPOINT WARNING * * *
Your ball python bites the orc but does no damage.
Your ball python closely misses the orc.
You now have 25/106 hp.
You hit the orc. You freeze the orc.
Your ball python bites the orc but does no damage.
Your ball python grabs the orc.
Your ball python constricts the orc.
The orc hits you but does no damage.
You create 2 snakes!
You now have 202 arrows.
Your ball python bites the orc but does no damage. x2
Urug throws a javelin.
The javelin hits your ball python!!
Your ball python dies!
Your ball python bites the orc.
Your ball python constricts the orc.
Your ball python bites the orc but does no damage.
You now have 9/17 mp.
You punch the orc! You freeze the orc.
You kill the orc!
Your ball python barely misses Urug.
Your ball python closely misses Urug.
Your ball python barely misses Urug.
Your ball python grabs Urug.
Your ball python constricts Urug.
You hit Urug but do no damage.
Urug hits you with an enchanted long sword!
* * * LOW HITPOINT WARNING * * *
Your adder bites Urug but does no damage.
Your ball python bites Urug but does no damage. x2
You take 14 damage, and have 12/106 hp.
Blink to where?
You are very lightly contaminated with residual magic.
As you read the scroll of blinking, it crumbles to dust.
An orc and an orc warrior come into view.
The orc warrior shouts!
You hear a shout!
Urug throws a javelin.
The javelin hits you!!
You die...
Your body crumbles into a pile of gold.

#..## #...# ##..### # ....# [.
###.#.## ..# #### ))o.#.[##
#####..######... ###.(.(.#####
#...>...##....##
####.(....######...##........#
##.##......Y...###.#.####(##
#..#..###..#.........# #)).
##..#..##............# ##).
##.##..#......$..$..###...
#####.###....#$..$.....#.....
#........o.[.o(SS............
#...........<.#oS.)(.........
####....##..)##§S......######
###.....####S.......# ##.


You could see Urug, an orc warrior, an orc, a friendly adder and 3 friendly ball
pythons.

Notes
Turn   | Place    | Note
-------+----------+-------------------------------------------
     0 | D:1      | theanonym the Draconian Transmuter began the quest for the Orb.
     0 | D:1      | Reached XP level 1. HP: 16/16 MP: 3/3
   179 | D:1      | Reached XP level 2. HP: 20/23 MP: 5/5
   536 | D:2      | HP: 11/23 [poisoned by an adder]
   542 | D:2      | HP: 8/34 [poisoned by an adder]
   548 | D:2      | HP: 6/34 [poisoned by an adder]
   556 | D:2      | HP: 5/34 [poisoned by an adder]
   564 | D:2      | HP: 3/34 [poisoned by an adder]
  1032 | D:2      | Reached XP level 3. HP: 23/28 MP: 6/6
  1360 | D:2      | Found a shimmering altar of Xom.
  1365 | D:2      | Found a glowing silver altar of Zin.
  1365 | D:2      | Noticed an angel
  1370 | D:2      | Reached skill level 4 in Unarmed Combat
  1728 | D:2      | Found a hide-covered altar of Uskayaw.
  1778 | D:2      | HP: 12/28 [worm (4)]
  2043 | D:2      | Learned a level 2 spell: Sticks to Snakes
  2047 | D:2      | Learned a level 3 spell: Spider Form
  2058 | D:2      | Found a basalt altar of Yredelemnul.
  2321 | D:3      | Reached XP level 4. HP: 35/35 MP: 5/7
  2448 | D:3      | Noticed Terence
  2458 | D:3      | Killed Terence
  2458 | D:3      | Reached skill level 3 in Transmutations
  2551 | D:3      | Reached skill level 1 in Poison Magic
  3570 | D:4      | Reached XP level 5. HP: 40/40 MP: 8/8
  3745 | D:4      | HP: 15/40 [orc priest/divine providence (14)]
  4119 | D:4      | Reached skill level 5 in Unarmed Combat
  4136 | D:4      | HP: 16/40 [orc/flail of protection (5)]
  4138 | D:4      | HP: 6/40 [orc/flail of protection (2)]
  4503 | D:4      | Found a sacrificial altar of Ru.
  4604 | D:4      | HP: 16/40 [orc priest/divine providence (11)]
  4605 | D:4      | Reached skill level 2 in Poison Magic
  4910 | D:5      | Entered Level 5 of the Dungeon
  4919 | D:5      | Reached XP level 6. HP: 46/47 MP: 5/9
  4926 | D:5      | Found an iron altar of Okawaru.
  5095 | D:5      | Reached skill level 6 in Unarmed Combat
  5095 | D:5      | Reached skill level 4 in Transmutations
  5277 | D:5      | Found a hazy altar of Hepliaklqana.
  5279 | D:5      | Found a stormy altar of Qazlal.
  5666 | D:5      | HP: 20/47 [orc priest/divine providence (8)]
  5667 | D:5      | HP: 7/47 [orc priest/divine providence (13)]
  5945 | D:5      | Your scales start taking on a glossy black colour.
  5945 | D:5      | Reached XP level 7. HP: 48/52 MP: 10/10
  5945 | D:5      | Gained mutation: You are resistant to electric shocks. (rElec) [Black Draconian growth]
  5946 | D:5      | theanonym: Ха, снова чёрный
  6013 | D:5      | Reached skill level 3 in Poison Magic
  6074 | D:5      | theanonym: Надо было ту гидру молнией снести
  6090 | D:5      | DsMo: надо было инвиз пить или хилку
  6160 | D:5      | DsMo: !lg theanonym -log
  6195 | D:5      | Found a glowing golden altar of the Shining One.
  6196 | D:5      | beem: 348. theanonym, XL11 DrTm, T:14814: http://crawl.xtahua.com/crawl/morgue/theanonym/morgue-theanonym-20171130-091743.txt
  6196 | D:5      | theanonym: Инвиз вроде не работает если противник в упор стоит
  6196 | D:5      | theanonym: Он понимает куда ударить
  6199 | D:5      | DsMo: You take 47 damage, and have 62/109 hp. MASSIVE DAMAGE!!
  6207 | D:5      | Became a worshipper of the Shining One
  6208 | D:5      | DsMo: You take 43 damage, and have 19/109 hp. MASSIVE DAMAGE!!
  6208 | D:5      | theanonym: Люблю ранние алтари тсо
  6208 | D:5      | DsMo: даже хилка вряд ли бы помогла
  6234 | D:5      | DsMo: рано - это д 2
  6234 | D:5      | theanonym: Black Draconian of the Shining One
  6234 | D:5      | DsMo: д 5 это нормально просто
  6395 | D:5      | HP: 23/52 [ogre/giant club (29)]
  6433 | D:5      | DsMo: он тебе разрешает ядом травить всех?
  6435 | D:5      | theanonym: Вроде убрали это
  6435 | D:5      | theanonym: Да ничего про яд
  6573 | D:5      | DsMo: круто тогда
  6573 | D:5      | Noticed Grinder
  6591 | D:5      | Killed Grinder
  6591 | D:5      | Reached skill level 7 in Unarmed Combat
  6591 | D:5      | Reached skill level 5 in Transmutations
  6959 | D:6      | Reached XP level 8. HP: 59/59 MP: 7/11
  6979 | D:6      | Learned a level 4 spell: Ice Form
  7218 | D:6      | Found a blossoming altar of Fedhas.
  7230 | D:6      | Reached skill level 8 in Unarmed Combat
  7406 | D:6      | Reached skill level 1 in Ice Magic
  7602 | D:6      | Reached * piety under the Shining One
  7613 | D:6      | Reached skill level 2 in Ice Magic
  7769 | D:6      | Found Vumeatt's Antique Armour Emporium.
  7974 | D:7      | Found a staircase to the Ecumenical Temple.
  7981 | Temple   | Entered the Ecumenical Temple
  8003 | Temple   | Fell from the grace of the Shining One
  8003 | Temple   | Became a worshipper of Gozag Ym Sagoz the Greedy
  8053 | D:7      | Reached skill level 6 in Transmutations
  8076 | D:7      | DsMo: он чего, в гневе не страшен тебе что ли? о_О
  8089 | D:7      | DsMo: тсо
  8089 | D:7      | DsMo: хм
  8089 | D:7      | theanonym: Он только за злых наказывает же
  8119 | D:7      | DsMo: он похоже не очень и обиделся, да
  8119 | D:7      | DsMo: хитрый ты, хитрее меня
  8119 | D:7      | theanonym: Злые ещё по идее могут защищать иногда
  8233 | D:7      | Reached skill level 3 in Ice Magic
  8419 | D:7      | HP: 31/69 [killer bee (8)]
  8420 | D:7      | Reached skill level 9 in Unarmed Combat
  8425 | D:7      | HP: 30/69 [poisoned by a killer bee]
  8433 | D:7      | HP: 30/69 [poisoned by a killer bee]
  8749 | D:7      | DsMo: вот у меня красный дракон и у него дыхание вообще хер пойми какое
  9045 | D:7      | Reached XP level 9. HP: 40/63 MP: 10/12
  9124 | D:7      | DsMo: пуляет на землю огонь, но он пролетает СКВОЗЬ монстров у меня, за них
  9170 | D:7      | DsMo: как это фиксить вообще хз, хз
  9173 | D:7      | Reached skill level 4 in Ice Magic
  9349 | D:7      | theanonym: Фиолетовый может на себя диспелом дышать
  9349 | D:7      | DsMo: да я сам недавно в себя томагаками кидался чтобы блинкаться
  9349 | D:7      | DsMo: весело было
  9349 | D:7      | theanonym: На базаре можно так себя в бездну отправлять если 100-200 голда не хватает
  9553 | D:7      | theanonym: О, хекс дали
  9597 | D:7      | DsMo: не понял про базар, ни разу не было такого как ты говоришь
  9644 | D:7      | theanonym: Ну голда не хватает на что-то, надиваешь и снимаешь дисторт оружие чтобы прокатиться в бездну и обратно
  9644 | D:7      | theanonym: *надеваешь
  9803 | D:7      | DsMo: опа
  9991 | D:7      | DsMo: неужели работает?
  9991 | D:7      | theanonym: Да там ещё с дисментосом и максимальным стелсом тебя кажется абсолютно никто не замечает, просто собираешь голд на земле
  9991 | D:7      | DsMo: хм
  9991 | D:7      | DsMo: ну я попробу как-нибудь, ради интереса
 10484 | D:8      | HP: 30/63 [orc priest/divine providence (10)]
 10495 | D:9      | theanonym: Бля
 10516 | D:9      | HP: 30/75 [killer bee (4)]
 10527 | D:10     | Entered Level 10 of the Dungeon
 10842 | D:9      | Reached skill level 7 in Transmutations
 10846 | D:9      | Reached skill level 10 in Unarmed Combat
 10853 | D:9      | Reached skill level 5 in Ice Magic
 11015 | D:9      | Found Qegayh's Armour Shoppe.
 11035 | D:9      | Bought a +0 pair of gloves of strength for 138 gold pieces
 11092 | D:9      | Noticed a troll
 11333 | D:9      | Noticed Erolcha
 11340 | D:9      | Killed Erolcha
 11340 | D:9      | Reached skill level 3 in Spellcasting
 11411 | D:9      | Reached XP level 10. HP: 70/70 MP: 10/15
 11540 | D:9      | Found a sparkling altar of Nemelex Xobeh.
 11634 | D:8      | Reached skill level 8 in Transmutations
 11645 | D:8      | Found a radiant altar of Vehumet.
 12092 | D:8      | Found a shattered altar of Ashenzari.
 12145 | D:8      | Learned a level 4 spell: Petrify
 12324 | D:9      | Reached skill level 2 in Fighting
 12654 | D:9      | Reached skill level 4 in Spellcasting
 12755 | D:10     | HP: 35/74 [/a scroll of torment (32)]
 13302 | D:10     | Reached skill level 3 in Fighting
 13333 | D:10     | Noticed Nergalle
 13346 | D:10     | Killed Nergalle
 13346 | D:10     | Reached skill level 11 in Unarmed Combat
 13398 | D:10     | Goblin1989: &dump goblin1989
 13398 | D:10     | beem: http://CRAWL.XTAHUA.COM/crawl/morgue/Goblin1989/Goblin1989.txt
 13398 | D:10     | Goblin1989: rFire + + +
 13403 | D:10     | HP: 41/93 [hornet (6)]
 13405 | D:10     | Goblin1989: rCold + + +
 13406 | D:10     | Reached skill level 4 in Fighting
 13665 | D:10     | Goblin1989: V - +0 pair of gloves of Liberty {*Corrode rF++ Int+7}
 13665 | D:10     | Goblin1989: R - ring "Baomumoc" {rPois rC+++ Int-2 Slay+5}
 13665 | D:10     | Goblin1989: %)
 13665 | D:10     | theanonym: А баклер не нашёл
 13776 | D:10     | HP: 43/93 [something (9)]
 13778 | D:10     | theanonym: Ненавижу ансин хорроров
 13778 | D:10     | Goblin1989: пока статуи нет он не нужен
 13778 | D:10     | theanonym: А, он отваливается в форме?
 13778 | D:10     | theanonym: Не подумал
 13778 | D:10     | Goblin1989: ну конечно
 13779 | D:10     | Goblin1989: и с бх он отваливается тоже
 13780 | D:10     | HP: 19/93 [something (8)]
 13784 | D:10     | HP: 7/93 [something (7)]
 13786 | D:10     | Goblin1989: хилку пей
 13789 | D:10     | HP: 16/93 [something (9)]
 13792 | D:10     | theanonym: Смешно
 13792 | D:10     | Goblin1989: лан, я пошел
 13793 | D:10     | Goblin1989: удачи
 13809 | D:10     | HP: 10/93 [something (6)]
 14049 | D:11     | Noticed a cyclops
 14052 | D:11     | Noticed Erica
 14228 | D:10     | HP: 41/96 [something (9)]
 14232 | D:10     | HP: 12/96 [something (10)]
 14234 | D:10     | HP: 2/96 [something (11)]
 14622 | D:10     | HP: 46/96 [phantom (4)]
 14628 | D:10     | HP: 42/120 [something (6)]
 14639 | D:10     | HP: 42/120 [something (4)]
 14640 | D:10     | Killed an unseen horror
 14640 | D:10     | Reached skill level 9 in Transmutations
 14650 | D:10     | HP: 27/80 [phantom (3)]
 14653 | D:10     | Reached skill level 5 in Fighting
 15019 | D:10     | Found an ancient bone altar of Kikubaaqudgha.
 15193 | D:11     | Noticed Grum
 15198 | D:10     | HP: 45/97 [wolf[Grum] (4)]
 15202 | D:10     | HP: 19/97 [wolf[Grum] (7)]
 15493 | D:11     | HP: 34/97 [Erica/orb of energy (28)]
 15839 | D:10     | Killed a cyclops
 15977 | D:10     | Killed Erica
 15977 | D:10     | Reached XP level 11. HP: 68/89 MP: 14/17
 16459 | D:11     | HP: 46/106 [yak (13)]
 16460 | D:11     | Reached skill level 6 in Fighting
 16468 | D:11     | HP: 28/106 [yak (4)]
 16491 | D:11     | Noticed Urug
 16495 | D:11     | HP: 25/106 [orc priest/divine providence (9)]
 16518 | D:11     | HP: 25/106 [orc/club (1)]
 16522 | D:11     | HP: 12/106 [Urug/enchanted long sword (14)]
 16523 | D:11     | Hit by a javelin thrown by Urug

Vanquished Creatures
  Erolcha (D:9)
  Erica (D:10)
  Nergalle (D:10)
  An unseen horror (D:10)
  A cyclops (D:10)
  A kobold demonologist (D:11)
  A troll (D:9)
  A hornet (D:10)
  5 yaks (D:11)
  A water moccasin (D:10)
  2 orc warriors
  An ice beast (D:8)
  2 phantoms (D:10)
  3 black bears
  5 centaurs
  2 ogres (D:10)
  3 wolves (D:10)
  3 big kobolds
  10 bullfrogs
  A scorpion (D:7)
  8 killer bees
  3 bullfrog zombies
  6 crimson imps
  A quasit (D:9)
  2 hounds
  A centaur skeleton (D:5)
  12 orc priests
  4 jellies
  15 orc wizards
  2 bullfrog skeletons (D:10)
  An iguana (D:5)
  12 worker ants
  Terence (D:3)
  A howler monkey zombie (D:6)
  9 adders
  3 shadow imps
  An ooze (D:1)
  2 adder zombies (D:9)
  2 worms
  A dart slug (D:2)
  4 leopard geckos
  37 orcs
  3 ball pythons
  5 bats
  6 giant cockroaches
  5 goblins
  8 hobgoblins
  14 jackals
  7 quokkas
  5 frilled lizards
  12 kobolds
  A quokka skeleton (D:9)
  5 rats
245 creatures vanquished.

Vanquished Creatures (collateral kills)
  Grinder (D:5)
  A necrophage (D:7)
  2 ogres (D:5)
  An orc priest (D:11)
  An orc (D:11)
6 creatures vanquished.

Vanquished Creatures (others)
  A human (D:10)
1 creature vanquished.

Grand Total: 252 creatures vanquished
